 Dungeon Crawl Stone Soup version 0.24.0-13-gcf9b319 (webtiles) character file.

Game seed: 978292372946217492, levelgen mode: deterministic

307 Fang the Covered (level 6, -2/39 HPs)
             Began as a Gargoyle Fighter on Jan 2, 2020.
             Slain by a slave (6 damage)
             ... led by Pikel
             ... on level 4 of the Dungeon.
             The game lasted 00:03:02 (2897 turns).

Fang the Covered (Gargoyle Fighter)                 Turns: 2897, Time: 00:03:03

Health: -2/39      AC: 14    Str: 27    XL:     6   Next: 40%
Magic:  6/6        EV:  6    Int:  8    God:
Gold:   227        SH: 10    Dex:  9    Spells: 5/5 levels left

rFire    . . .     SeeInvis .   a - +0 war axe
rCold    . . .     Gourm    .   B - +0 shield
rNeg     + . .     Faith    .   b - +0 chain mail
rPois    ∞         Spirit   .   (no helmet)
rElec    +         Reflect  .   (no cloak)
rCorr    .         Harm     .   (no gloves)
MR       .....                  (no boots)
Stlth    ..........             (no amulet)
HPRegen  0.13/turn              (no ring)
MPRegen  0.10/turn              (no ring)

@: mighty
A: negative energy resistance 1, electricity resistance, unbreathing,
petrification resistance, rot immunity, AC +4
a: no special abilities


You were on level 4 of the Dungeon.
You were not hungry.

You visited 1 branch of the dungeon, and saw 4 of its levels.

You collected 227 gold pieces.

Inventory:

Hand Weapons
 a - a +0 war axe (weapon)
Armour
 b - a +0 chain mail (worn)
 B - a +0 shield (worn)
Wands
 q - a wand of digging (9)
Scrolls
 e - 4 scrolls of remove curse
 h - 2 scrolls of identify
 p - 2 scrolls of teleportation {unknown}
Potions
 f - a potion of ambrosia
 g - a potion of flight
 i - 3 potions of curing
 j - a potion of agility {unknown}
 k - a potion of haste {unknown}
 l - a potion of invisibility
 n - a potion of degeneration {unknown}
 o - a potion of lignification {unknown}
 r - a potion of brilliance {unknown}
Comestibles
 c - 8 rations
 m - 3 chunks of flesh


   Skills:
 + Level 4.7 Fighting
 + Level 3.2 Axes
 + Level 4.8 Armour
 + Level 4.7 Shields


You had 5 spell levels left.
You didn't know any spells.
Your spell library was empty.

Dungeon Overview and Level Annotations

Branches:
Dungeon (4/15)
 Temple: D:4-7

Altars:
Okawaru

Annotations:
D:4 Pikel


Innate Abilities, Weirdness & Mutations

You are resistant to torment.
Your stone body is resilient. (AC +4)
You are immune to poison.
You resist negative energy. (rN+)
You are resistant to electric shocks. (rElec)
You can survive without breathing.
You are immune to petrification.
You are immune to rotting.


Message History

You are too injured to fight recklessly!
You slash Pikel!
Pikel is moderately wounded.
You barely miss the slave.
You hit the slave. x2; You slash the slave!
You block the slave's attack. The slave hits you.
* * * LOW HITPOINT WARNING * * *
The slave barely misses you. Pikel barely misses you.
You block the slave's attack. The slave barely misses you.
You are too injured to fight recklessly!
Your shield and chain mail prevent you from hitting Pikel.
Pikel is moderately wounded.
You barely miss the slave. You closely miss the slave.
You barely miss the slave. You closely miss the slave.
The slave hits you but does no damage. The slave completely misses you.
Pikel hits you with a +1 whip of freezing.
* * * LOW HITPOINT WARNING * * *
Pikel freezes you.
* * * LOW HITPOINT WARNING * * *
The slave hits you but does no damage. The slave hits you.
You die...

...............
.#####...#####.
#.....# ##...##
##.## #.# #.#
##p## #p@.#


#ZpKp.# #...O...# #.........# .......>...+ ............# ###.......^##
#.#.....## You could see Pikel, an ogre, 4 slaves and a hound skeleton.

Vanquished Creatures
  An orc priest (D:4)
  Crazy Yiuf (D:3)
  2 worker ants (D:4)
  2 gnolls (D:1)
  9 adders
  A worm (D:2)
  2 leopard geckos
  8 orcs
  8 bats
  10 giant cockroaches
  7 goblins
  8 hobgoblins
  9 jackals (D:1)
  3 quokkas
  3 frilled lizards (D:2)
  9 kobolds
  8 rats
91 creatures vanquished.

Notes
Turn   | Place    | Note
-------+----------+-------------------------------------------
     0 | D:1      | Fang the Gargoyle Fighter began the quest for the Orb.
     0 | D:1      | Reached XP level 1. HP: 14/14 MP: 1/1
   188 | D:1      | Reached XP level 2. HP: 18/19 MP: 2/2
   506 | D:1      | Reached XP level 3. HP: 24/24 MP: 3/3
   998 | D:2      | Reached XP level 4. HP: 26/29 MP: 4/4
  1037 | D:2      | Found an iron altar of Okawaru.
  1897 | D:3      | Reached XP level 5. HP: 33/33 MP: 5/5
  1939 | D:3      | Found a runed translucent door.
  1940 | D:3      | Noticed Crazy Yiuf
  2536 | D:3      | Killed Crazy Yiuf
  2817 | D:4      | Reached XP level 6. HP: 38/39 MP: 6/6
  2884 | D:4      | Noticed Pikel
  2884 | D:4      | Noticed a slave
  2884 | D:4      | Noticed a slave
  2885 | D:4      | Noticed a slave
  2886 | D:4      | Noticed a slave
  2897 | D:4      | Slain by a slave

Levels and vault maps discovered:
D:1:      scummos_arrival_hexagon, layout_loops_ring
D:2:      minmay_roachtagon, layout_loops_corners, overflow_temple_1_default,
          eino_tiny_chamber
D:3:      layout_loops_cross, uniq_crazy_yiuf_cottage
D:4:      layout_loops_corners, minmay_temple_entry_fiery, serial_forest,
          infiniplex_forest_end_1, infiniplex_forest_zigzag_1,
          infiniplex_forest_straight_4, infiniplex_forest_end_2, first_ration,
          cheibrodos_gnoll_hut, uniq_pikel

Skill      XL: |  1  2  3  4  5 |
---------------+----------------+-----
Axes           | 2 3 |  3.2
Fighting       | 4 |  4.7
Shields        | 4 |  4.7
Armour         | 4 |  4.8

Action                   |  1- 3 |  4- 6 || total
-------------------------+-------+-------++-------
Melee: War axe           |   123 |   246 ||   369
  Use: Scroll            |       |     7 ||     7
       Potion            |       |     1 ||     1
  Eat: Chunk             |     1 |     6 ||     7
Armor: Scale mail        |    17 |       ||    17
       Chain mail        |    73 |   172 ||   245
Dodge: Dodged            |    33 |    63 ||    96
Block: Shield            |    87 |   152 ||   239
